 Dungeon Crawl Stone Soup version 0.31-a0-1071-gaead2f62b1 (webtiles) character file.

Game seed: 4475335375061653514

816 wildpjah the Covered (level 7, -5/43 HPs)
             Began as a Tengu Fighter on Nov 25, 2023.
             Slain by a lemure (6 damage)
             ... led by Pikel
             ... on level 4 of the Dungeon.
             The game lasted 00:05:23 (3003 turns).

wildpjah the Covered (Tengu Fighter)                Turns: 3003, Time: 00:05:24

Health: -5/43      AC:  8    Str: 17    XL:     7   Next: 94%
Magic:  8/8        EV: 14    Int:  8    God:
Gold:   256        SH:  5    Dex: 15    Spells: 6/6 levels left

rFire   . . .        a - +0 long sword
rCold   . . .        c - +0 buckler
rNeg    . . .        b - +0 scale mail
rPois   .            (helmet restricted)
rElec   .            r - +0 cloak
rCorr   .            (no gloves)
SInv    .            (boots unavailable)
Will    .....        m - amulet of magic regeneration Stlth
                     (no ring)
HPRegen 0.27/turn    (no ring)
MPRegen 0.51/turn

%: acrobat
@: flying
A: beak, talons 3, evasive flight, acrobatic
a: no special abilities


You were on level 4 of the Dungeon.
You visited 1 branch of the dungeon, and saw 4 of its levels.

You collected 256 gold pieces.

Inventory:

Hand Weapons
 a - a +0 long sword (weapon)
 s - a +2 dagger of distortion
Armour
 b - a +0 scale mail (worn)
 c - a +0 buckler (worn)
 r - a +0 cloak (worn)
Jewellery
 m - an amulet of magic regeneration (around neck)
 z - a ring of resist corrosion
Scrolls
 e - 4 scrolls of teleportation {unknown}
 f - 2 scrolls of enchant weapon {unknown}
 g - 5 scrolls of identify {unknown}
 i - a scroll of vulnerability {unknown}
 l - 3 scrolls of fog {unknown}
 n - a scroll of noise {unknown}
 q - a scroll of enchant armour {unknown}
 t - a scroll of amnesia {unknown}
 u - a scroll of silence {unknown}
 v - a scroll of fear {unknown}
 y - a scroll of blinking {unknown}
Potions
 d - a potion of might
 h - 2 potions of curing {unknown}
 j - a potion of magic {unknown}
 k - 2 potions of mutation {unknown}
 o - a potion of enlightenment {unknown}
 p - a potion of resistance {unknown}
 w - a potion of heal wounds {unknown}
 x - a potion of brilliance {unknown}


   Skills:
 + Level 4.0 Fighting
 + Level 5.7 Long Blades
 * Level 6.0 Armour
 * Level 3.2 Dodging
 + Level 0.1 Stealth
 * Level 4.4 Shields


You had 6 spell levels left.
You didn't know any spells.
Your spell library contained the following spells:

 Spells                   Type           Power      Damage    Failure   Level
 Summon Small Mammal      Summ           0%         N/A       86%         1
 Blink                    Tloc           0%         N/A       95%         2
 Lesser Beckoning         Tloc           0%         N/A       95%         2
 Momentum Strike          Conj/Tloc      0%         3d8       95%         2
 Wereblood                Tmut           0%         N/A       95%         2
 Call Canine Familiar     Summ           0%         N/A       99%         3
 Summon Guardian Golem    Hex/Summ       0%         N/A       99%         3
 Anguish                  Hex/Necr       0%         N/A       100%        4
 Cause Fear               Hex            0%         N/A       100%        4
 Irradiate                Conj/Tmut      0%         3d11      100%        5
 Enfeeble                 Hex            0%         N/A       100%        7


Dungeon Overview and Level Annotations

Branches:
Dungeon (4/15)
 Temple: D:4-7

Altars:
Dithmenos
Qazlal
Yredelemnul

Shops:
D:4 =

Annotations:
D:4 Pikel


Innate Abilities, Weirdness & Mutations

You have a beak for a mouth.
You have claws for feet.
Your magical flight helps you evade attacks. (EV +4)
You can magically evade attacks while moving or waiting.


Message History

Pikel is severely wounded.
Pikel hits you but does no damage. You block the lemure's attack.
You closely miss Pikel.
Pikel is severely wounded.
Pikel says, "All the demons know me.
They respect me."
Pikel completely misses you. The lemure hits you but does no damage.
You hit Pikel but do no damage.
Pikel is severely wounded.
Pikel hits you but does no damage. The lemure hits you but does no damage.
You closely miss Pikel.
Pikel is severely wounded.
Pikel hits you with a +0 whip of freezing!
Pikel freezes you. You block the lemure's attack.
You closely miss Pikel.
Pikel is severely wounded.
You feel less wooden.
Your +0 cloak unmelds from your body.
Your +0 scale mail unmelds from your body.
Pikel zaps a wand.
You resist with some effort. The lemure hits you but does no damage.
You barely miss Pikel. Your kick misses Pikel.
Pikel is severely wounded.
Pikel zaps a wand.
You resist with some effort. The lemure hits you but does no damage.
You closely miss Pikel. Your kick misses Pikel.
Pikel is severely wounded.
Pikel closely misses you. The lemure hits you.
Pikel hits you with a +0 whip of freezing.
* * * LOW HITPOINT WARNING * * *
Pikel freezes you.
* * * LOW HITPOINT WARNING * * *
You block the lemure's attack.
You completely miss Pikel. You peck Pikel.
Pikel is severely wounded.
Pikel hits you with a +0 whip of freezing.
* * * LOW HITPOINT WARNING * * *
Pikel freezes you.
* * * LOW HITPOINT WARNING * * *
The lemure hits you.
You die...

.........#
.........#
.........#
.........#######
.†.............#
#########......#
..........##.#
.......#..##.#####
.......#..##.5@K.#
.......+.....###(#
.......#####.# #.#
.#######.....###.##
......#.....5.#
..... ##......#
.##. #.5##..# #
#..###.## ...K# ..#


You could see Pikel and a lemure.

Vanquished Creatures
  Grinder (D:3)
  The ghost of RandomusNamus the Changeling, an amateur OpSh (D:3)
  A black bear (D:4)
  3 lemures (D:4)
  2 orc priests (D:3)
  2 hounds (D:4)
  Jessica (D:2)
  An iguana (D:3)
  Natasha (thrice) (D:3)
  8 adders
  2 worms
  2 dart slugs
  3 orcs (D:3)
  5 ball pythons
  10 endoplasms
  5 giant cockroaches
  13 goblins
  11 hobgoblins
  7 jackals
  A quokka (D:3)
  4 bats
  4 frilled lizards
  3 kobolds
  8 rats
101 creatures vanquished.

Notes
Turn   | Place    | Note
-------+----------+-------------------------------------------
     0 | D:1      | wildpjah the Tengu Fighter began the quest for the Orb.
     0 | D:1      | Reached XP level 1. HP: 14/14 MP: 2/2
   108 | D:1      | Reached XP level 2. HP: 14/19 MP: 3/3
   352 | D:1      | Reached XP level 3. HP: 23/23 MP: 4/4
   900 | D:2      | Reached XP level 4. HP: 25/28 MP: 5/5
   908 | D:2      | Reached skill level 1 in Dodging
   989 | D:2      | Found a stormy altar of Qazlal.
   991 | D:2      | Noticed Jessica
  1004 | D:2      | Killed Jessica
  1005 | D:2      | Reached skill level 4 in Armour
  1404 | D:2      | Found a faded altar of an unknown god.
  1470 | D:3      | Reached XP level 5. HP: 32/32 MP: 6/6
  1511 | D:3      | Noticed Natasha
  1516 | D:3      | Killed Natasha
  1705 | D:3      | Noticed Natasha
  1716 | D:3      | Killed Natasha
  1717 | D:3      | Reached XP level 6. HP: 16/38 MP: 7/7
  1867 | D:3      | Noticed RandomusNamus's ghost (amateur OpSh)
  1881 | D:3      | Found a runed translucent gate.
  1881 | D:3      | Found a runed translucent gate.
  1901 | D:3      | Found a runed translucent gate.
  2026 | D:3      | Noticed Grinder
  2030 | D:3      | Paralysed by Grinder for 2 turns
  2038 | D:3      | Paralysed by Grinder for 4 turns
  2044 | D:3      | Killed Grinder
  2045 | D:3      | Reached skill level 5 in Armour
  2045 | D:3      | Gained mutation: Your magical flight helps you evade
                  | attacks. (EV +4) [Tengu growth]
  2045 | D:3      | Reached XP level 7. HP: 15/42 MP: 8/8
  2170 | D:3      | Found a basalt altar of Yredelemnul.
  2316 | D:3      | Noticed Natasha
  2323 | D:3      | Killed Natasha
  2425 | D:3      | Reached skill level 5 in Long Blades
  2442 | D:3      | Killed RandomusNamus's ghost
  2567 | D:4      | Found Kucsycw's Jewellery Shoppe.
  2918 | D:4      | Reached skill level 6 in Armour
  2940 | D:4      | Found a shadowy altar of Dithmenos.
  2947 | D:4      | Noticed Pikel
  3003 | D:4      | HP: 1/43 [Pikel/+0 whip of freezing (3)]
  3003 | D:4      | Slain by a lemure

Illustrated notes

Levels and vault maps discovered:
D:1:      dpeg_arrival_rhombi, layout_basic, serial_bayou_pond_d,
          minmay_tromino_v4_a
D:2:      kennysheep_the_goblin_king, layout_rooms, basic_altar,
          dilly_ecumenical_altar_fadedgnrine, serial_aquarium,
          aquarium_bridge_square [aquarium_subvault_balcony,
          aquarium_subvault_wall, aquarium_subvault_wall,
          aquarium_subvault_bridge], aquarium_bridge_square
          [aquarium_subvault_bridge, aquarium_subvault_window,
          aquarium_subvault_wall, aquarium_subvault_wall], aquarium_window_fake,
          aquarium_window_2, aquarium_view_2b, aquarium_balcony_1b,
          aquarium_pool_1, uniq_jessica
D:3:      layout_loops_cross, mainiacjoe_overflow_cross_hatched,
          gammafunk_ghost_split, uniq_grinder, uniq_natasha
D:4:      layout_basic, nicolae_dithmenos_shadow_blocks, serial_shops, shop,
          uniq_pikel

Skill      XL: |  1  2  3  4  5  6  7 |
---------------+----------------------+-----
Dodging        | 1 2 3 |  3.2
Long Blades    | 3 4 5 |  5.7
Armour         | 4 5 6 |  6.0
Shields        | 4 |  4.4
Fighting       | 4 |  4.0
Stealth        | |  0.1

Action                     |  1- 3 |  4- 6 |  7- 9 || total
---------------------------+-------+-------+-------++-------
  Melee: Long sword        |    71 |    90 |   120 ||   281
         Kick              |    14 |    26 |    25 ||    65
         Peck              |    11 |    11 |    21 ||    43
 Armour: Scale mail        |    50 |    58 |    43 ||   151
         Skin              |       |       |    30 ||    30
  Dodge: Dodged            |    55 |    45 |    65 ||   165
  Block: Buckler           |    20 |    22 |    33 ||    75

Table legend: (Time is in decaauts)
 A = Elapsed time spent in this place.
 B = Non-inter-level travel time spent in this place.
 C = Inter-level travel time spent in this place.
 D = Time resting spent in this place.
 E = Time spent auto-exploring this place.
 F = Levels seen in this place.
 G = Mean time per level.
                   A        B        C        D        E       F      G
               +--------+--------+--------+--------+--------+-----+--------+
         Total |   3092 |   2995 |     97 |     28 |   2288 |   4 |  773.0 |
       Dungeon |   3092 |   2995 |     97 |     28 |   2288 |   4 |  773.0 |
               +--------+--------+--------+--------+--------+-----+--------+

Top non-repeatable levels by time:
     D:3: 1156 daAuts
     D:1: 846 daAuts
     D:2: 640 daAuts
     D:4: 448 daAuts
